 Dungeon Crawl Stone Soup version 0.30-a0-840-ga523dec638 (webtiles) character file.

Game seed: 7745545889872857204

1128 cheesebisquit the Cleaver (level 8, 0/106 HPs)
             Began as a Hill Orc Fighter on Mar 2, 2023.
             Was a Follower of Beogh.
             Slain by a vampire (4 damage)
             ... on level 5 of the Dungeon.
             The game lasted 00:15:06 (4048 turns).

cheesebisquit the Cleaver (Hill Orc Fighter)        Turns: 4048, Time: 00:15:07

Health: 0/106      AC: 24    Str: 18 (21) XL:     8   Next: 35%
Magic:  0/8        EV:  2    Int: 12 (14) God:    Beogh [*.....]
Gold:   83         SH:  0    Dex:  4 (7)  Spells: 7/7 levels left

rFire   . . .      SeeInvis +    (no weapon)
rCold   . . .      Faith    .    c - +0 buckler
rNeg    . . .      Spirit   +    (body armour currently unavailable)
rPois   +          Reflect  .    (helmet currently unavailable)
rElec   .          Harm     .    (cloak currently unavailable)
rCorr   +          Rampage  +    (gloves currently unavailable)
Will    .....      NoTele   +    (boots currently unavailable)
Stlth   +                        h - amulet "Taimimegh" {Spirit Rampage rCorr Dex-3 SInv}
HPRegen 0.37/turn                g - +5 ring of evasion
MPRegen 0.11/turn                s - +6 ring of intelligence

@: confused, tree-form, hasted, very quick
A: stationary, stasis, torment immunity, boosted hp
a: Renounce Religion


You were on level 5 of the Dungeon.
You worshipped Beogh.
Beogh was aware of your devotion.
You were a tree.
You visited 1 branch of the dungeon, and saw 6 of its levels.

You collected 83 gold pieces.

Inventory:

Hand Weapons
 a - a +0 war axe
Missiles
 f - 49 stones (quivered)
 i - 7 poisoned darts
 q - a throwing net
Armour
 c - a +0 buckler (worn)
 v - a +0 chain mail (melded)
 C - a +1 hat (melded)
Jewellery
 g - a +5 ring of evasion (left branch)
 h - the amulet "Taimimegh" (around neck) {Spirit Rampage rCorr Dex-3 SInv}
   (You found it on level 6 of the Dungeon)

   [amulet of guardian spirit]

   It causes incoming damage to be divided between your reserves of health and
   magic.
   Dex:       It affects your dexterity (-3).
   SInv:      It lets you see invisible.
   rCorr:     It protects you from acid and corrosion.
   Rampage:   It bestows one free step when moving towards enemies.
 s - a +6 ring of intelligence (right branch)
 x - the amulet "Zoip" {Acrobat Str+6}
   (You found it on level 4 of the Dungeon)

   [amulet of the acrobat]

   It increases your evasion while moving and waiting.
   Str:       It affects your strength (+6).
 y - a ring of wizardry
Wands
 d - a wand of paralysis (5)
 z - a wand of flame (14)
Scrolls
 b - 4 scrolls of teleportation {unknown}
 e - a scroll of amnesia {unknown}
 j - 2 scrolls of identify {unknown}
 k - a scroll of brand weapon {unknown}
 l - 2 scrolls of immolation {unknown}
 o - a scroll of acquirement {unknown}
 p - a scroll of poison {unknown}
 r - a scroll of enchant armour {unknown}
 w - a scroll of butterflies {unknown}
 A - 2 scrolls of blinking {unknown}
Potions
 n - a potion of haste


   Skills:
 + Level 6.3 Fighting
 * Level 8.4 Axes
 + Level 5.6 Armour
 + Level 5.7 Shields


You had 7 spell levels left.
You didn't know any spells.
Your spell library contained the following spells:

 Spells                   Type           Power      Damage    Failure   Level
 Summon Small Mammal      Summ           0%         N/A       38%         1
 Lesser Beckoning         Tloc           0%         N/A       54%         2
 Call Canine Familiar     Summ           0%         N/A       77%         3
 Gell's Gravitas          Tloc           0%         N/A       77%         3
 Summon Guardian Golem    Hex/Summ       0%         N/A       77%         3
 Teleport Other           Tloc           0%         N/A       77%         3
 Anguish                  Hex/Necr       0%         N/A       99%         4
 Enfeeble                 Hex            0%         N/A       100%        7


Dungeon Overview and Level Annotations

Branches:
Dungeon (6/15)             Temple (0/1) D:6

Altars:
Dithmenos
Okawaru
Qazlal
Trog
Uskayaw
Yredelemnul


Message History

Something draws strength from your injuries!
You continue putting on the amulet "Taimimegh" {Spirit Rampage rCorr Dex-3 SInv}. x2
Something hits you but does no damage. Something barely misses you.
You finish putting on the amulet "Taimimegh" {Spirit Rampage rCorr Dex-3 SInv}.
You feel your power drawn to a protective spirit.
Reactivating autopickup.
You feel clumsy.
You feel ready to rampage towards enemies.
h - the amulet "Taimimegh" (around neck) {Spirit Rampage rCorr Dex-3 SInv} You hit the vampire but do no damage.
You closely miss the vampire.
The vampire gestures at you while chanting.
You are confused.
Okay, then.
It was a potion of lignification.
You turn into a tree.
Your +1 hat melds into your body.
Your +0 chain mail melds into your body.
Your roots penetrate the ground.
The vampire hits you!
* * * LOW HITPOINT WARNING * * *
The vampire barely misses you.
You are now empty-handed.
It was a potion of degeneration.
There was something very wrong with that liquid.
You feel weakened.
You feel dopey.
You feel clumsy.
The vampire hits you but does no damage.
The vampire bites you!
* * * LOW HITPOINT WARNING * * *
The vampire draws strength from your injuries!
You cannot move. (Use ctrl+direction or * direction to attack while stationary and confused.)
You cannot move. (Use ctrl+direction or * direction to attack while stationary and confused.)
You attack the rock wall.
You attack the rock wall.
The vampire hits you but does no damage.
The vampire bites you but does no damage.
You swing at nothing.
The vampire hits you but does no damage.
The vampire bites you but does no damage.
You are too confused!
You barely miss the vampire.
You nearly hit yourself!
The vampire hits you.
You die...

#.# #.# # #.# #.#
#
#####.#####.####.#
#.
#..<.............#
#.# #
#.###.#####.######
... . # #.# #.#
#.### #.. #.#
#..[. #.>. #.#
#.._.
##....##♣#######
#....
........V.......
.#.###
.........####.##
....... .........#
..##### .##...####
..... #... #####
#?.. ###


You could see a vampire (invisible).

Vanquished Creatures
  Eustachio (D:6)
  2 black bears (D:5)
  A phantom (D:4)
  A bullfrog (D:6)
  6 killer bees (D:5)
  A howler monkey (D:4)
  2 hounds
  4 iguanas
  Ijyb (D:3)
  An orc wizard (D:3)
  3 gnolls (D:2)
  5 adders
  A worm (D:3)
  2 dart slugs
  9 orcs
  9 endoplasms
  4 giant cockroaches
  8 goblins
  8 hobgoblins
  2 quokkas
  3 ball pythons
  11 bats
  3 frilled lizards
  6 kobolds
  A rat (D:1)
95 creatures vanquished.

Notes
Turn   | Place    | Note
-------+----------+-------------------------------------------
     0 | D:1      | cheesebisquit the Hill Orc Fighter began the quest for the
                  | Orb.
     0 | D:1      | Reached XP level 1. HP: 19/19 MP: 1/1
    93 | D:1      | Reached skill level 3 in Axes
   159 | D:1      | Reached XP level 2. HP: 23/27 MP: 2/2
   656 | D:1      | Reached XP level 3. HP: 33/33 MP: 3/3
  1356 | D:2      | Reached skill level 4 in Axes
  1356 | D:2      | Reached XP level 4. HP: 34/40 MP: 4/4
  1869 | D:3      | Reached XP level 5. HP: 40/47 MP: 5/5
  1934 | D:3      | Found a bloodstained altar of Trog.
  1934 | D:3      | Found a basalt altar of Yredelemnul.
  2068 | D:3      | Noticed Ijyb
  2070 | D:3      | Paralysed by Ijyb for 5 turns
  2079 | D:3      | Paralysed by Ijyb for 3 turns
  2084 | D:3      | Killed Ijyb
  2248 | D:4      | Identified the amulet "Zoip" {Acrobat Str+6}
  2356 | D:4      | Noticed a phantom
  2373 | D:4      | Killed a phantom
  2374 | D:4      | Reached skill level 5 in Axes
  2374 | D:4      | Reached XP level 6. HP: 55/55 MP: 6/6
  2392 | D:4      | Became a worshipper of Beogh the Brigand
  2584 | D:4      | Found a stormy altar of Qazlal.
  2630 | D:4      | Found a shadowy altar of Dithmenos.
  2719 | D:4      | Reached skill level 5 in Fighting
  2729 | D:4      | Reached skill level 6 in Axes
  2757 | D:4      | Found a hide-covered altar of Uskayaw.
  3125 | D:5      | Entered Level 5 of the Dungeon
  3211 | D:5      | Noticed a black bear
  3215 | D:5      | Killed a black bear
  3216 | D:5      | Reached XP level 7. HP: 59/61 MP: 7/7
  3341 | D:5      | Reached skill level 7 in Axes
  3341 | D:5      | Reached skill level 5 in Armour
  3341 | D:5      | Reached skill level 5 in Shields
  3349 | D:5      | Reached * piety under Beogh
  3537 | D:5      | Found an iron altar of Okawaru.
  3541 | D:5      | You fall into a shaft and drop 1 floor!
  3760 | D:6      | Reached XP level 8. HP: 59/70 MP: 8/8
  3821 | D:6      | Found a staircase to the Ecumenical Temple.
  3838 | D:6      | Identified the amulet "Taimimegh" {Spirit Rampage rCorr
                  | Dex-3 SInv}
  3848 | D:6      | Reached skill level 8 in Axes
  3957 | D:6      | Noticed Eustachio
  3966 | D:6      | Killed Eustachio
  4007 | D:5      | Noticed a vampire
  4043 | D:5      | HP: 2/106 [vampire (5)]
  4048 | D:5      | Slain by a vampire

Illustrated notes

Levels and vault maps discovered:
D:1:      dpeg_arrival_stone_temple_mockup, layout_loops_ring
D:2:      layout_basic
D:3:      layout_basic, chequers_temple_overflow_statue_of_worship,
          grunt_ministairs_9, uniq_ijyb
D:4:      layout_basic, mainiacjoe_overflow_six_doors_small,
          nicolae_dithmenos_through_a_glass_darkly, mainiacjoe_overflow_alcove_2
D:5:      layout_loops_ring, mainiacjoe_overflow_cross_hatched, serial_shops,
          kennysheep_little_box, kennysheep_mini
D:6:      layout_basic, minmay_temple_entry_ruins, uniq_eustachio

Skill      XL: |  1  2  3  4  5  6  7  8 |
---------------+-------------------------+-----
Axes           | 3 4 5 6 7 8 |  8.4
Fighting       | 4 5 6 |  6.3
Armour         | 4 5 |  5.6
Shields        | 4 5 |  5.7

Action                     |  1- 3 |  4- 6 |  7- 9 || total
---------------------------+-------+-------+-------++-------
  Melee: War axe           |   103 |   148 |   111 ||   362
         Unarmed           |       |       |     1 ||     1
  Throw: Stone             |     4 |     4 |       ||     8
 Invoke: Convert to Beogh  |       |     1 |       ||     1
    Use: Potion            |       |     1 |     9 ||    10
 Armour: Scale mail        |    31 |       |       ||    31
         Chain mail        |     5 |    50 |    63 ||   118
         Skin              |       |       |     5 ||     5
  Dodge: Dodged            |   100 |    82 |    80 ||   262
  Block: Buckler           |    33 |    32 |    26 ||    91

Table legend: (Time is in decaauts)
 A = Elapsed time spent in this place.
 B = Non-inter-level travel time spent in this place.
 C = Inter-level travel time spent in this place.
 D = Time resting spent in this place.
 E = Time spent auto-exploring this place.
 F = Levels seen in this place.
 G = Mean time per level.
                   A        B        C        D        E       F      G
               +--------+--------+--------+--------+--------+-----+--------+
         Total |   4115 |   3905 |    210 |    252 |   2752 |   6 |  685.8 |
       Dungeon |   4115 |   3905 |    210 |    252 |   2752 |   6 |  685.8 |
               +--------+--------+--------+--------+--------+-----+--------+

Top non-repeatable levels by time:
     D:4: 1026 daAuts
     D:1: 845 daAuts
     D:2: 789 daAuts
     D:3: 615 daAuts
     D:6: 451 daAuts
     D:5: 388 daAuts
